 Dungeon Crawl Stone Soup version 0.20-a0-350-ga83eecc (webtiles) character file.

308 Da5id the Changer (level 6, 0/38 HPs)
             Began as an Octopode Transmuter on Dec 23, 2016.
             Slain by a gnoll (5 damage)
             ... on level 3 of the Dungeon.
             The game lasted 00:04:18 (3246 turns).

Da5id the Changer (Octopode Transmuter)             Turns: 3246, Time: 00:04:19

Health: 0/38       AC:  2    Str:  9    XL:     6   Next: 40%
Magic:  7/10       EV: 20    Int: 17    God:
Gold:   108        SH:  0    Dex: 18    Spells: 5/10 levels left

rFire  . . .     SeeInvis .       - Unarmed
rCold  . . .     Gourm    .     (shield currently unavailable)
rNeg   . . .     Faith    .     (helmet currently unavailable)
rPois  x         Spirit   .     (no amulet)
rElec  .         Reflect  .     (no ring)
rCorr  .         Harm     .     (no ring)
MR     .....                    (no ring)
Stlth  ++........               (no ring)
                                (no ring)
                                (no ring)
                                (no ring)
                                (no ring)

@: spider-form
A: almost no armour, stealthy swim, (amphibious), 8 rings, (constrict 8),
(camouflage 0), (gelatinous body 0)
a: End Transformation


You were on level 3 of the Dungeon.
You were hungry.
You were a venomous arachnid creature.
You visited 1 branch of the dungeon, and saw 3 of its levels.
You also visited: Sewer.

You collected 108 gold pieces.

Inventory:

Hand Weapons
 o - a +2 whip of draining (melded)
Missiles
 a - 81 arrows
Armour
 g - a +2 hat (melded)
Scrolls
 e - 3 scrolls of identify {unknown}
 j - 2 scrolls of fog {unknown}
 l - a scroll of teleportation {unknown}
 n - a scroll of immolation {unknown}
 r - a scroll of amnesia {unknown}
 s - a scroll of fear {unknown}
Potions
 h - a potion of resistance {unknown}
 i - 4 potions of curing {unknown}
 k - 2 potions of haste {unknown}
 p - a potion of might {unknown}
 q - 3 potions of cancellation {unknown}
 u - a potion of degeneration {unknown}
 v - 2 potions of flight {unknown}
 w - a potion of heal wounds {unknown}
Books
 b - a book of Changes

   Spells                             Type                      Level
   a - Beastly Appendage              Transmutation                1
   b - Sticks to Snakes               Transmutation                2
   c - Spider Form                    Transmutation/Poison         3
   d - Ice Form                       Ice/Transmutation            4
   e - Blade Hands                    Transmutation                5
 t - a book of Cantrips

   Spells                             Type                      Level
   a - Confusing Touch                Hexes                        1
   b - Animate Skeleton               Necromancy                   1
   c - Summon Small Mammal            Summoning                    1
   d - Apportation                    Translocation                1
Comestibles
 c - a bread ration
 d - 7 fruits
 f - a slice of pizza
 m - 2 meat rations


   Skills:
 - Level 1.0 Fighting
 - Level 2.0 Dodging
 - Level 4.0 Unarmed Combat
 + Level 2.8 Spellcasting
 + Level 4.8 Transmutations
 + Level 2.8 Poison Magic


You had 5 spell levels left.
You knew the following spells:

 Your Spells              Type           Power        Failure   Level  Hunger
a - Beastly Appendage     Tmut           ###...       10%         1    #......
b - Spider Form           Tmut/Pois      ###.......   28%         3    ###....
c - Animate Skeleton      Necr           N/A          41%         1    #......


Dungeon Overview and Level Annotations

Branches:
Dungeon (3/15)

Altars:


Innate Abilities, Weirdness & Mutations

You cannot wear most types of armour.
You are very stealthy in the water. (Stealth+)
((You are amphibious.))
You can wear up to eight rings at the same time.
((You can use your tentacles to constrict eight enemies at once.))
((Your skin changes colour to match your surroundings (Stealth+).))
((Your rubbery body absorbs attacks. (AC +1, EV +1)))


Message History

Cast which spell? (? or * to list)
You turn into a venomous arachnid creature.
Your +2 whip of draining melds into your body.
Your +2 hat melds into your body.
The gnoll barely misses you. The gnoll closely misses you.
The gnoll completely misses you.
You bite the gnoll!
The gnoll is heavily wounded.
The gnoll hits you with a spear! The gnoll misses you.
The gnoll hits you from afar with a halberd!
You hit the gnoll.
The gnoll is poisoned.
The gnoll is almost dead.
You kill the gnoll!
The gnoll hits you. The gnoll hits you with a halberd!
* * * LOW HITPOINT WARNING * * *
The gnoll barely misses you.
Things that are here:
a spear; a gnoll corpse You closely miss the gnoll.
The gnoll misses you. The gnoll hits you.
You die...

. ......# ..>.....>......#
####### ?........#.#...#
#b....#
.#.#..#.......############
. .....#........gs........#
.##.#..#.........g.###.##.#
....#..........<...###....#
.<.....................####
####.................#.# #
#.......###########.#
####....#..# ####### #.#
##P#....#..# #PP..P# #.#
##.#.......###########.#


You could see 2 gnolls.

Vanquished Creatures
  A big kobold (Sewer)
  A hound (D:3)
  Natasha (thrice) (D:3)
  An orc wizard (D:3)
  A gnoll (D:3)
  2 adders
  A dart slug (D:2)
  4 leopard geckos
  7 orcs (D:3)
  6 bats
  4 giant cockroaches
  4 goblins
  4 hobgoblins
  4 jackals
  2 frilled lizards (D:2)
  15 kobolds
  8 rats
68 creatures vanquished.

Notes
Turn   | Place    | Note
-------+----------+-------------------------------------------
     0 | D:1      | Da5id the Octopode Transmuter began the quest for the Orb.
     0 | D:1      | Reached XP level 1. HP: 13/13 MP: 3/3
   356 | D:1      | Reached XP level 2. HP: 9/18 MP: 5/5
  1410 | D:2      | Reached XP level 3. HP: 23/23 MP: 6/6
  1415 | D:2      | Learned a level 3 spell: Spider Form
  2288 | D:3      | Reached XP level 4. HP: 26/28 MP: 7/7
  2314 | D:3      | Noticed Natasha
  2418 | D:3      | Killed Natasha
  2418 | D:3      | Reached skill level 1 in Poison Magic
  2418 | D:3      | Reached XP level 5. HP: 30/33 MP: 8/8
  2446 | D:3      | Noticed Natasha
  2455 | D:3      | Killed Natasha
  2472 | D:3      | Noticed Natasha
  2478 | D:3      | Killed Natasha
  2500 | D:3      | Learned a level 1 spell: Animate Skeleton
  2880 | D:3      | Found a glowing drain.
  2884 | Sewer    | Entered a sewer
  2968 | Sewer    | Noticed a big kobold
  2979 | Sewer    | Reached XP level 6. HP: 27/38 MP: 9/9
  3157 | Sewer    | Found a glowing silver altar of Zin.
  3246 | D:3      | Slain by a gnoll

Vault maps used:
D:1:      doesnt_arrival_eight_statues
D:3:      serial_aquarium, aquarium_bridge_long_separate,
          aquarium_bridge_straight, aquarium_window_2, aquarium_window_2,
          aquarium_window_1, aquarium_window_2, aquarium_view_2b,
          aquarium_pool_S, gup_sewer_entry_bowl, uniq_natasha
Sewer:    sewer_kobolds

Skill      XL: |  1  2  3  4  5 |
---------------+----------------+-----
Unarmed Combat | 4 |  4.0
Transmutations | 3 4 |  4.8
Poison Magic   | 1 2 |  2.8
Fighting       | |  1.0
Dodging        | |  2.0
Spellcasting   | |  2.8

Action                   |  1- 3 |  4- 6 || total
-------------------------+-------+-------++-------
Melee: Unarmed           |    58 |     3 ||    61
       Constrict         |    21 |    14 ||    35
       Tentacles         |    15 |    10 ||    25
       Punch             |     1 |     3 ||     4
       Whip              |    21 |    80 ||   101
 Cast: Spider Form       |       |     1 ||     1
 Stab: Sleeping          |     4 |       ||     4
  Eat: Chunk             |     3 |     2 ||     5
       Pizza             |     1 |       ||     1
Armor: Skin              |    11 |    11 ||    22
Dodge: Dodged            |    38 |    66 ||   104
